 Dungeon Crawl Stone Soup version 0.29-a0-284-gf9362112df (webtiles) character file.

Game seed: 14311708063540970453

1 gzilladon the Magician (level 1, -2/11 HPs)
             Began as an Octopode Hedge Wizard on Mar 25, 2022.
             Slain by a goblin
             ... wielding a +0 club
              (3 damage)
             ... on level 1 of the Dungeon.
             The game lasted 00:00:29 (67 turns).

gzilladon the Magician (Octopode Hedge Wizard)        Turns: 67, Time: 00:00:30

Health: -2/11      AC:  1    Str:  9    XL:     1   Next: 20%
Magic:  4/4        EV: 13    Int: 16    God:
Gold:   0          SH:  0    Dex: 11    Spells: 5/6 levels left

rFire   . . .      SeeInvis .   a - +0 dagger
rCold   . . .      Faith    .   (no shield)
rNeg    . . .      Spirit   .   b - +0 hat
rPois   .          Reflect  .   (no amulet)
rElec   .          Harm     .   (no ring)
rCorr   .          Rampage  .   (no ring)
Will    .....                   (no ring)
Stlth   +++.......              (no ring)
HPRegen 0.03/turn               (no ring)
MPRegen 0.09/turn               (no ring)
                                (no ring)
                                (no ring)

@: no status effects
A: almost no armour, amphibious, 8 rings, camouflage 1, gelatinous body 1,
(nimble swimmer 1), tentacles
a: no special abilities


You were on level 1 of the Dungeon.
You visited 1 branch of the dungeon, and saw 1 of its levels.

Inventory:

Hand Weapons
 a - a +0 dagger (weapon)
Armour
 b - a +0 hat (worn)
Scrolls
 d - a scroll of identify {unknown}
Potions
 c - a potion of magic


   Skills:
 + Level 2.0 Dodging
 + Level 2.6 Stealth
 + Level 3.0 Spellcasting
 - Level 1.0 Conjurations
 + Level 1.0 Summonings
 - Level 1.0 Translocations


You had 5 spell levels left.
You knew the following spells:

 Your Spells              Type           Power      Damage    Failure   Level
a - Magic Dart            Conj           20%        1d4       12%         1

Your spell library contained the following spells:

 Spells                   Type           Power      Damage    Failure   Level
 Slow                     Hex            8%         N/A       19%         1
 Blink                    Tloc           10%        N/A       19%         2
 Call Imp                 Summ           5%         N/A       19%         2
 Conjure Flame            Conj/Fire      4%         6-21      41%         3
 Mephitic Cloud           Conj/Pois/Air  3%         N/A       43%         3


Dungeon Overview and Level Annotations

Branches:
Dungeon (1/15)

Altars:


Innate Abilities, Weirdness & Mutations

You cannot wear most types of armour.
You are amphibious.
You can wear up to eight rings at the same time.
Your skin changes colour to match your surroundings (Stealth+).
Your rubbery body absorbs attacks. (AC +1, EV +1)
((You are camouflaged when in or above water. (Stealth+)))
You have tentacles for arms and can constrict up to eight enemies at once.


Message History

Welcome, gzilladon the Octopode Hedge Wizard.
Below lies the Orb of Zot, rumoured to be powerful enough to resurrect a god...
Press ? for a list of commands and other information.
Found 23 stones.
Found a staircase leading out of the dungeon.
You open the large door.
There is a large open door here.
Found a stone staircase leading down.
A rat comes into view.
Found a scroll labelled SEANAOQUARR.
Found 17 gold pieces.
d - a scroll labelled SEANAOQUARR The rat closely misses you.
The rat bites you.
You hit the rat.
You kill the rat!
Found a stone staircase leading down.
A hobgoblin comes into view.
A ball python and a goblin come into view.
The ball python hisses angrily.
The ball python misses you. The ball python barely misses you.
The hobgoblin shouts!
The goblin shouts!
You hit the ball python. Your grab misses the ball python.
Your squeeze misses the ball python.
The ball python is severely wounded.
The ball python closely misses you. The ball python barely misses you.
The hobgoblin hits you.
You closely miss the ball python. You grab the ball python.
The ball python is severely wounded.
You constrict the ball python.
You kill the ball python!
The hobgoblin hits you. The goblin closely misses you. The hobgoblin hits you.
* * * LOW HITPOINT WARNING * * *
You hit the goblin. You grab the goblin.
The goblin is moderately wounded.
You constrict the goblin. The goblin hits you with a +0 club.
You die...

#.# #.# #.#.........
###.###.###.#...>...##
##...........####.#####
##....###.##### #.# #
####.....###...# #.# #
.............#.## #.# #
####....##..##..## #.#
# ##...#........#
##.#.g@g....... ..
..#....>......# #
#####........### #
#.$......# ..........
........... .#........#
####..##..##


You could see a hobgoblin and a goblin.

Vanquished Creatures
  A ball python (D:1)
  A rat (D:1)
2 creatures vanquished.

Notes
Turn   | Place    | Note
-------+----------+-------------------------------------------
     0 | D:1      | gzilladon the Octopode Hedge Wizard began the quest for the
                  | Orb.
     0 | D:1      | Reached XP level 1. HP: 11/11 MP: 4/4
    67 | D:1      | Slain by a goblin

Illustrated notes

Levels and vault maps discovered:
D:1:      psy_arrival_whirlpool, layout_loops_ring,
          ebering_ecumenical_altar_hall, st_stairs_5

Action                   || total
-------------------------++-------
Melee: Dagger            ||     4
       Constrict         ||     2
Dodge: Dodged            ||     6

Table legend: (Time is in decaauts)
 A = Elapsed time spent in this place.
 B = Non-inter-level travel time spent in this place.
 C = Inter-level travel time spent in this place.
 D = Time resting spent in this place.
 E = Time spent auto-exploring this place.
 F = Levels seen in this place.
 G = Mean time per level.
                   A        B        C        D        E       F      G
               +--------+--------+--------+--------+--------+-----+--------+
         Total |     67 |     67 |      0 |      0 |      0 |   1 |   67.0 |
       Dungeon |     67 |     67 |      0 |      0 |      0 |   1 |   67.0 |
               +--------+--------+--------+--------+--------+-----+--------+

Top non-repeatable levels by time:
     D:1: 67 daAuts
